 Dungeon Crawl Stone Soup version 0.25-a0-803-g58bd18402a (webtiles) character file.

Game seed: 5459823119624435435, levelgen mode: deterministic

440 Maedhros the Sneak (level 7, -4/43 HPs)
             Began as an Octopode Artificer on Apr 19, 2020.
             Slain by an orc
             ... wielding a +0 flail
              (6 damage)
             ... on level 5 of the Dungeon.
             The game lasted 00:03:15 (2024 turns).

Maedhros the Sneak (Octopode Artificer)             Turns: 2024, Time: 00:03:15

Health: -4/43      AC:  1    Str: 11    XL:     7   Next: 2%
Magic:  10/10      EV: 13    Int: 13    God:
Gold:   145        SH:  0    Dex: 15    Spells: 6/6 levels left

rFire    . . .     SeeInvis .   a - +0 short sword
rCold    . . .     Gourm    +   (no shield)
rNeg     . . .     Faith    .   (helmet restricted)
rPois    .         Spirit   .   p - amulet of the gourmand
rElec    .         Reflect  .   (no ring)
rCorr    .         Harm     .   (no ring)
MR       .....                  (no ring)
Stlth    ++++......             (no ring)
HPRegen  0.14/turn              (no ring)
MPRegen  0.12/turn              (no ring)
                                (no ring)
                                (no ring)

@: no status effects
A: almost no armour, stealthy swim, amphibious, 8 rings, constrict 8, camouflage
1, gelatinous body 1
a: no special abilities


You were on level 5 of the Dungeon.
You were not hungry.

You visited 1 branch of the dungeon, and saw 5 of its levels.

You collected 145 gold pieces.

Inventory:

Hand Weapons
 a - a +0 short sword (weapon)
Jewellery
 o - a +3 ring of strength {unknown}
 p - an amulet of the gourmand (around mantle)
Wands
 b - a wand of flame (11)
 c - a wand of enslavement (8)
 d - a wand of random effects (14)
Scrolls
 e - a scroll of enchant armour
 h - 2 scrolls of remove curse
 i - 2 scrolls of identify
 j - a scroll of fear {unknown}
 k - a scroll of magic mapping {unknown}
 m - a scroll of fog {unknown}
 q - a scroll of blinking {unknown}
Potions
 g - a potion of stabbing
 l - 2 potions of curing
 n - a potion of lignification {unknown}
 r - a potion of might {unknown}
 s - a potion of ambrosia {unknown}
Comestibles
 f - 6 rations


   Skills:
 - Level 1.0 Fighting
 - Level 1.0 Short Blades
 - Level 2.0 Dodging
 + Level 5.0 Stealth
 * Level 4.8 Unarmed Combat
 + Level 5.0 Evocations


You had 6 spell levels left.
You didn't know any spells.
Your spell library contained the following spells:

 Spells                   Type           Power        Failure   Level  Hunger
 Corona                   Hex            #......      30%         1    ##.....
 Ensorcelled Hibernation  Hex/Ice        #.....       43%         2    ###....
 Confusing Touch          Hex            #.......     67%         3    ####...
 Dazzling Flash           Conj/Hex       #.....       67%         3    ####...
 Tukima's Dance           Hex            #.......     67%         3    ####...


Dungeon Overview and Level Annotations

Branches:
Dungeon (5/15)
 Temple: D:4-7

Altars:
Kikubaaqudgha
Nemelex Xobeh
Trog
Wu Jian
Xom


Innate Abilities, Weirdness & Mutations

You cannot wear most types of armour.
You are very stealthy in the water. (Stealth+)
You are amphibious.
You can wear up to eight rings at the same time.
You can use your tentacles to constrict eight enemies at once.
Your skin changes colour to match your surroundings (Stealth+).
Your rubbery body absorbs attacks. (AC +1, EV +1)


Message History

Unknown command.
Unknown command.
Unknown command.
Unknown command.
Evoke which item? (* to show all) (? for menu, Esc to quit)
Aiming: Enslavement
Press: ? - help, Shift-Dir - straight line, f - bullfrog zombie
Aim: a bullfrog zombie (chance to defeat MR: 73%)
The bullfrog zombie is charmed.
The adder bites your bullfrog zombie.
The orc barely misses your bullfrog zombie.
The orc hits you with a +0 flail!
* * * LOW HITPOINT WARNING * * *
Your bullfrog zombie misses the adder.
The adder barely misses your bullfrog zombie.
You barely miss the orc. Your grab misses the orc.
The orc barely misses your bullfrog zombie.
Your bullfrog zombie hits the adder.
The adder barely misses your bullfrog zombie.
The orc hits you with a +0 flail.
You die...

##.#. ... #.# #.#
#<# # #.# ...##
#)#
......#.#####.###
#..oZ@o......
#.#S####.###.
#.#.. # ####


You could see an adder, 2 orcs and a friendly bullfrog zombie.

Vanquished Creatures
  An ogre (D:5)
  A centaur (D:5)
  A scorpion (D:4)
  2 worker ants
  2 orc wizards
  5 adders
  A gnoll (D:4)
  An adder skeleton (D:4)
  A worm (D:3)
  A dart slug (D:1)
  4 leopard geckos
  2 orcs (D:5)
  3 ball pythons
  2 bats (D:1)
  2 giant cockroaches
  9 goblins (D:1)
  7 hobgoblins
  6 frilled lizards
  7 kobolds
  6 rats (D:1)
64 creatures vanquished.

Vanquished Creatures (collateral kills)
  An orc priest (D:4)
  A gnoll (D:4)
  3 orcs (D:4)
  A giant cockroach (D:4)
6 creatures vanquished.

Vanquished Creatures (others)
  An ogre (D:5)
  A gnoll (D:4)
2 creatures vanquished.

Grand Total: 72 creatures vanquished

Notes
Turn   | Place    | Note
-------+----------+-------------------------------------------
     0 | D:1      | Maedhros the Octopode Artificer began the quest for the
                  | Orb.
     0 | D:1      | Reached XP level 1. HP: 13/13 MP: 3/3
   159 | D:1      | Reached skill level 1 in Unarmed Combat
   159 | D:1      | Reached XP level 2. HP: 11/18 MP: 4/4
   418 | D:1      | Reached XP level 3. HP: 16/23 MP: 5/5
   923 | D:2      | Found an ancient bone altar of Kikubaaqudgha.
  1062 | D:3      | Reached XP level 4. HP: 14/28 MP: 6/6
  1202 | D:3      | Found a sparkling altar of Nemelex Xobeh.
  1489 | D:4      | Found a bloodstained altar of Trog.
  1546 | D:4      | Reached XP level 5. HP: 26/33 MP: 8/8
  1812 | D:4      | Found a shimmering altar of Xom.
  1861 | D:4      | Reached XP level 6. HP: 35/38 MP: 9/9
  1892 | D:4      | Found an ornate altar of the Wu Jian Council.
  1916 | D:5      | Entered Level 5 of the Dungeon
  2014 | D:5      | Reached skill level 5 in Stealth
  2022 | D:5      | Reached skill level 5 in Evocations
  2022 | D:5      | Reached XP level 7. HP: 19/43 MP: 10/10
  2023 | D:5      | HP: 2/43 [orc/+0 flail (7)]
  2024 | D:5      | Slain by an orc

Levels and vault maps discovered:
D:1:      minmay_arrival_diagonal_passages, layout_basic
D:2:      layout_basic, overflow_temple_1_default, minivault_23, feat_on_display
D:3:      layout_basic, lemuel_round_altar, first_ration
D:4:      layout_rooms, old_standard_altar, nicolae_overflow_crystal_walls,
          kennysheep_mini_moat
D:5:      layout_loops_ring, enter_ossuary_2, minmay_misc_feat_hallway

Skill      XL: |  1  2  3  4  5  6 |
---------------+-------------------+-----
Unarmed Combat | 1 2 3 4 |  4.8
Stealth        | 2 3 4 5 |  5.0
Evocations     | 4 5 |  5.0
Fighting       | |  1.0
Short Blades   | |  1.0
Dodging        | |  2.0

Action                   |  1- 3 |  4- 6 |  7- 9 || total
-------------------------+-------+-------+-------++-------
Melee: Short sword       |    75 |    62 |     1 ||   138
       Constrict         |    24 |    18 |       ||    42
       Tentacles         |    10 |    15 |       ||    25
       Punch             |       |     4 |       ||     4
Evoke: Wand              |     2 |     9 |     1 ||    12
  Use: Potion            |     1 |     1 |       ||     2
       Scroll            |       |     2 |       ||     2
 Stab: Sleeping          |     9 |     4 |       ||    13
       Confused          |       |     1 |       ||     1
  Eat: Chunk             |       |     8 |       ||     8
Armor: Skin              |     3 |     1 |       ||     4
Dodge: Dodged            |    51 |    40 |       ||    91

Table legend:
 A = Non-vault XP
 B = Vault XP
 C = Vault XP percentage of total XP
 D = Non-vault monster count
 E = Vault monster count
 F = Vault count percentage of total count
                 A         B        C        D         E       F
            +---------+---------+-------+---------+---------+-------
      Total |     629 |       0 |   0.0 |      70 |       0 |   0.0
            +---------+---------+-------+---------+---------+-------
        D:1 |      55 |       0 |   0.0 |      34 |       0 |   0.0
        D:3 |      43 |       0 |   0.0 |       9 |       0 |   0.0
        D:4 |     225 |       0 |   0.0 |      18 |       0 |   0.0
        D:5 |     306 |       0 |   0.0 |       9 |       0 |   0.0
            +---------+---------+-------+---------+---------+-------
